MLB
ST. LOUIS CARDINALS @ CINCINNATI REDS
09/18/2020
 
TOP OF THE 1ST
St. Louis Cardinals batting - Pitching for Cincinnati Reds : RHP Sonny Gray
Pitching: RHP Sonny Gray
Batting: LHB Kolten Wong 0-0: Fly out, F8 (Flyball, 8RD, EV 83.8 MPH)
Batting: LHB Matt Carpenter 0-0: Ball
1-0: Foul Ball, location: 2F
1-1: Ground out 1-3 (Groundball, P, EV 81.9 MPH)
Batting: RHB Paul Goldschmidt 0-0: Foul Ball, location: 2F
0-1: Ball
1-1: Reached on error, E4 (Groundball, 4, EV 84.4 MPH)
Batting: RHB Paul DeJong 0-0: Ball
1-0: Called Strike
1-1: DOUBLE (Line Drive, 8LXD, EV 100.6 MPH)
Paul Goldschmidt scores
Batting: RHB Tyler O'Neill 0-0: Ball
1-0: Fly out, F7 (Line Drive, 7, EV 86.9 MPH)
Top of the 1st over - 1 run, 1 hit, 1 error, 1 left on base; St. Louis 1 - Cincinnati 0
BOTTOM OF THE 1ST
Cincinnati Reds batting - Pitching for St. Louis Cardinals : LHP Kwang-hyun Kim
Pitching: LHP Kwang-hyun Kim
Batting: RHB Nick Castellanos 0-0: Fly out, F8 (Line Drive, 8RD, EV 92.5 MPH)
Batting: LHB Joey Votto 0-0: Called Strike
0-1: Ball
1-1: Called Strike
1-2: Ball
2-2: Ball
3-2: Ground out 5-3 (Groundball, 56S, EV 62.5 MPH)
Batting: RHB Eugenio Suarez 0-0: Called Strike
0-1: Ball
1-1: Foul Ball, location: 2F
1-2: Ball
2-2: Strikes out swinging
Bottom of the 1st over - 0 runs, 0 hits, 0 errors, 0 left on base; St. Louis 1 - Cincinnati 0
TOP OF THE 2ND
St. Louis Cardinals batting - Pitching for Cincinnati Reds : RHP Sonny Gray
Batting: LHB Brad Miller 0-0: Called Strike
0-1: Ball
1-1: Foul Ball, location: 2F
1-2: Ground out 1-3 (Groundball, P, EV 85.0 MPH)
Batting: RHB Yadier Molina 0-0: Ball
1-0: Called Strike
1-1: Fly out, F9 (Line Drive, 9, EV 100.0 MPH)
Batting: RHB Harrison Bader 0-0: Called Strike
0-1: Ball
1-1: Called Strike
1-2: Strikes out swinging
Top of the 2nd over - 0 runs, 0 hits, 0 errors, 0 left on base; St. Louis 1 - Cincinnati 0
BOTTOM OF THE 2ND
Cincinnati Reds batting - Pitching for St. Louis Cardinals : LHP Kwang-hyun Kim
Batting: RHB Phillip Ervin 0-0: Foul Ball, location: 2F
0-1: Ball
1-1: Foul Ball, location: 2F
1-2: Fly out, F4 (Line Drive, 4, EV 67.5 MPH)
Batting: LHB Mike Moustakas 0-0: Ball
1-0: Ball
2-0: Foul Ball, location: 2F
2-1: Foul Ball, location: 2F
2-2: Ball
3-2: Ground out U3 (Groundball, 3, EV 90.0 MPH)
Batting: RHB Nick Senzel 0-0: Ball
1-0: Called Strike
1-1: Ball
2-1: Ball
3-1: Base on Balls
Batting: RHB Curt Casali 0-0: Foul Ball, location: 2F
0-1: Ball
1-1: Foul Ball, location: 2F
1-2: Ball
2-2: Fly out, F7 (Flyball, 78M, EV 93.8 MPH)
Bottom of the 2nd over - 0 runs, 0 hits, 0 errors, 1 left on base; St. Louis 1 - Cincinnati 0
TOP OF THE 3RD
St. Louis Cardinals batting - Pitching for Cincinnati Reds : RHP Sonny Gray
Batting: LHB Kwang-hyun Kim 0-0: Ball
1-0: Called Strike
1-1: Called Strike
1-2: Strikes out swinging
Batting: LHB Kolten Wong 0-0: Foul Ball, location: 2F
0-1: Fly out, F9 (Flyball, 9D, EV 103.1 MPH)
Batting: LHB Matt Carpenter 0-0: Ball
1-0: Swinging Strike
1-1: Bunt for hit to 5S - play at first, batter safe!
Batting: RHB Paul Goldschmidt 0-0: Ball
1-0: Called Strike
1-1: Foul Ball, location: 2F
1-2: Fly out, F8 (Flyball, 8RD, EV 83.1 MPH)
Top of the 3rd over - 0 runs, 1 hit, 0 errors, 1 left on base; St. Louis 1 - Cincinnati 0
BOTTOM OF THE 3RD
Cincinnati Reds batting - Pitching for St. Louis Cardinals : LHP Kwang-hyun Kim
Batting: LHB Shogo Akiyama 0-0: Called Strike
0-1: Ball
1-1: Called Strike
1-2: Ground out U3 (Groundball, 3, EV 78.8 MPH)
Batting: RHB Sonny Gray 0-0: Ball
1-0: Foul Ball, location: 2F
1-1: SINGLE (Groundball, 6MD, EV 106.3 MPH)
Batting: RHB Nick Castellanos 0-0: Called Strike
0-1: Foul Ball, location: 2F
0-2: Ball
1-2: Ball
2-2: Fly out, F8 (Flyball, 8RS, EV 71.9 MPH)
Batting: LHB Joey Votto 0-0: Foul Ball, location: 2F
0-1: Ball
1-1: Fly out, F7 (Flyball, 7, EV 93.8 MPH)
Bottom of the 3rd over - 0 runs, 1 hit, 0 errors, 1 left on base; St. Louis 1 - Cincinnati 0
TOP OF THE 4TH
St. Louis Cardinals batting - Pitching for Cincinnati Reds : RHP Sonny Gray
Batting: RHB Paul DeJong 0-0: Called Strike
0-1: Ball
1-1: Swinging Strike
1-2: Foul Ball, location: 2F
1-2: SINGLE (Flyball, 56D, EV 97.5 MPH)
Batting: RHB Tyler O'Neill 0-0: Ball
1-0: Grounds into double play, 1-6-3 (Groundball, 23, EV 88.8 MPH)
Batting: LHB Brad Miller 0-0: Called Strike
0-1: Called Strike
0-2: Ball
1-2: Ball
2-2: Strikes out swinging
Top of the 4th over - 0 runs, 1 hit, 0 errors, 0 left on base; St. Louis 1 - Cincinnati 0
BOTTOM OF THE 4TH
Cincinnati Reds batting - Pitching for St. Louis Cardinals : LHP Kwang-hyun Kim
Batting: RHB Eugenio Suarez 0-0: Called Strike
0-1: Called Strike
0-2: Strikes out swinging
Batting: RHB Phillip Ervin 0-0: TRIPLE (Line Drive, 89XD, EV 105.0 MPH)
Batting: LHB Mike Moustakas 0-0: Ball
1-0: Fly out, F1 (Line Drive, P, EV 69.4 MPH)
Batting: RHB Nick Senzel 0-0: Ball
1-0: Called Strike
1-1: Called Strike
1-2: Foul Ball, location: 2F
1-2: Fly out, F4 (Flyball, 34D, EV 83.8 MPH)
Bottom of the 4th over - 0 runs, 1 hit, 0 errors, 1 left on base; St. Louis 1 - Cincinnati 0
TOP OF THE 5TH
St. Louis Cardinals batting - Pitching for Cincinnati Reds : RHP Sonny Gray
Batting: RHB Yadier Molina 0-0: SOLO HOME RUN (Flyball, 78XD, EV 110.0 MPH), Distance : 425 ft
Batting: RHB Harrison Bader 0-0: Called Strike
0-1: Bunt for hit to 23 - play at first, batter safe!
Batting: LHB Kwang-hyun Kim 0-0: Ball
1-0: Swinging Strike
1-1: Ball
2-1: Swinging Strike
2-2: Strikes out looking
Batting: LHB Kolten Wong 0-0: Ball
1-0: Foul Ball, location: 2F
1-1: Ball
2-1: SINGLE (Line Drive, 56D, EV 97.5 MPH)
Harrison Bader to second
Batting: LHB Matt Carpenter 0-0: Ball
1-0: Called Strike
1-1: Foul Ball, location: 2F
1-2: Ball
2-2: Ball
3-2: DOUBLE (Line Drive, 7LM, EV 106.9 MPH)
Harrison Bader scores
Kolten Wong to third
Runner from 3rd tries for Home, SAFE, no throw by LF
Batting: RHB Paul Goldschmidt 0-0: Called Strike
0-1: Called Strike
0-2: Foul Ball, location: 2F
0-2: Strikes out swinging
Batting: RHB Paul DeJong 0-0: Called Strike
0-1: Ball
1-1: Ground out 5-3 (Groundball, 5, EV 101.3 MPH)
Top of the 5th over - 3 runs, 4 hits, 0 errors, 1 left on base; St. Louis 4 - Cincinnati 0
BOTTOM OF THE 5TH
Cincinnati Reds batting - Pitching for St. Louis Cardinals : LHP Kwang-hyun Kim
Batting: RHB Curt Casali 0-0: Called Strike
0-1: Foul Ball, location: 2F
0-2: Ball
1-2: Fly out, F6 (Line Drive, 6, EV 74.4 MPH)
Batting: LHB Shogo Akiyama 0-0: Ball
1-0: Fly out, F7 (Flyball, 7S, EV 83.1 MPH)
Pinch Hitting: RHB Tim Beckham 0-0: Fly out, F3 (Popup, 4, EV 61.9 MPH)
Bottom of the 5th over - 0 runs, 0 hits, 0 errors, 0 left on base; St. Louis 4 - Cincinnati 0
TOP OF THE 6TH
St. Louis Cardinals batting - Pitching for Cincinnati Reds : RHP Sonny Gray
Pitching: RHP Nate Jones
Batting: RHB Tyler O'Neill 0-0: Ball
1-0: SINGLE (Groundball, 5D, EV 94.4 MPH)
Batting: LHB Brad Miller 0-0: Foul Ball, location: 2F
0-1: Ball
1-1: Ball
2-1: Swinging Strike
2-2: Strikes out swinging
Batting: RHB Yadier Molina 0-0: Ball
1-0: Fly out, F8 (Flyball, 78M, EV 88.8 MPH)
Batting: RHB Harrison Bader 0-0: Foul Ball, location: 2F
0-1: Called Strike
0-2: Strikes out looking
Top of the 6th over - 0 runs, 1 hit, 0 errors, 1 left on base; St. Louis 4 - Cincinnati 0
BOTTOM OF THE 6TH
Cincinnati Reds batting - Pitching for St. Louis Cardinals : LHP Kwang-hyun Kim
Batting: RHB Nick Castellanos 0-0: Ball
1-0: Called Strike
1-1: Ball
2-1: Ball
3-1: SOLO HOME RUN (Flyball, 9D, EV 101.9 MPH), Distance : 380 ft
Batting: LHB Joey Votto 0-0: Ball
1-0: Called Strike
1-1: Swinging Strike
1-2: Strikes out swinging
Batting: RHB Eugenio Suarez 0-0: Swinging Strike
0-1: Foul Ball, location: 2F
0-2: Foul Ball, location: 2F
0-2: Ball
1-2: Fly out, F9 (Flyball, 9, EV 93.1 MPH)
Batting: RHB Phillip Ervin 0-0: Swinging Strike
0-1: Called Strike
0-2: Ball
1-2: Strikes out swinging
Bottom of the 6th over - 1 run, 1 hit, 0 errors, 0 left on base; St. Louis 4 - Cincinnati 1
TOP OF THE 7TH
St. Louis Cardinals batting - Pitching for Cincinnati Reds : RHP Nate Jones
Batting: LHB Kwang-hyun Kim 0-0: Ball
1-0: Called Strike
1-1: Ball
2-1: Swinging Strike
2-2: Foul Ball, location: 2F
2-2: Strikes out looking
Pitching: RHP Pedro Strop
Batting: LHB Kolten Wong 0-0: Swinging Strike
0-1: Ball
1-1: Ball
2-1: Foul Ball, location: 2F
2-2: SINGLE (Flyball, 34D, EV 94.4 MPH)
Batting: LHB Matt Carpenter 0-0: Ball
1-0: Called Strike
1-1: Fielders Choice at 2nd, 4-6 (Groundball, 4D, EV 101.3 MPH)
Batting: RHB Paul Goldschmidt 0-0: Ball
1-0: Fly out, F8 (Flyball, 8RXD, EV 93.1 MPH)
Top of the 7th over - 0 runs, 1 hit, 0 errors, 1 left on base; St. Louis 4 - Cincinnati 1
BOTTOM OF THE 7TH
Cincinnati Reds batting - Pitching for St. Louis Cardinals : LHP Kwang-hyun Kim
Batting: LHB Mike Moustakas 0-0: Foul Ball, location: 2F
0-1: Ball
1-1: Ball
2-1: Ball
3-1: Swinging Strike
3-2: Base on Balls
Pitching: RHP Ryan Helsley
Batting: RHB Nick Senzel 0-0: Foul Ball, location: 2F
0-1: Called Strike
0-2: SINGLE (Groundball, 6MD, EV 110.0 MPH)
Mike Moustakas to second
Runner from 2nd tries for 3rd, SAFE, throw by CF made to third
Batting: RHB Curt Casali 0-0: Ball
1-0: Called Strike
1-1: Swinging Strike
1-2: Strikes out looking
Batting: LHB Shogo Akiyama 0-0: Ball
Nick Senzel steals 2nd base
1-0: Fly out, F9 (Flyball, 9S, EV 96.9 MPH)
Pinch Hitting: LHB Derek Dietrich 0-0: Ball
1-0: Called Strike
1-1: Ball
2-1: Swinging Strike
2-2: Ground out U3 (Groundball, 3, EV 79.4 MPH)
Bottom of the 7th over - 0 runs, 1 hit, 0 errors, 2 left on base; St. Louis 4 - Cincinnati 1
TOP OF THE 8TH
St. Louis Cardinals batting - Pitching for Cincinnati Reds : RHP Pedro Strop
Pitching: RHP Tyler Mahle
Batting: RHB Paul DeJong 0-0: Foul Ball, location: 2F
0-1: Ball
1-1: Ball
2-1: Fly out, F7 (Flyball, 7LS, EV 87.5 MPH)
Batting: RHB Tyler O'Neill 0-0: Called Strike
0-1: Swinging Strike
0-2: Ball
1-2: Ground out 1-3 (Groundball, 13, EV 89.4 MPH)
Batting: LHB Brad Miller 0-0: Ball
1-0: Ball
2-0: Swinging Strike
2-1: SINGLE (Flyball, 78S, EV 89.4 MPH)
Pitching: LHP Cody Reed
Batting: RHB Yadier Molina 0-0: Ball
Brad Miller steals 2nd base
1-0: Foul Ball, location: 2F
1-1: Swinging Strike
1-2: Strikes out looking
Top of the 8th over - 0 runs, 1 hit, 0 errors, 1 left on base; St. Louis 4 - Cincinnati 1
BOTTOM OF THE 8TH
Cincinnati Reds batting - Pitching for St. Louis Cardinals : RHP Ryan Helsley
Now in LF: Tommy Edman
Batting: RHB Nick Castellanos 0-0: Called Strike
0-1: Ball
1-1: Swinging Strike
1-2: Strikes out swinging
Batting: LHB Joey Votto 0-0: Called Strike
0-1: Ball
1-1: Foul Ball, location: 2F
1-2: Strikes out looking
Batting: RHB Eugenio Suarez 0-0: Fly out, F9 (Flyball, 89D, EV 85.0 MPH)
Bottom of the 8th over - 0 runs, 0 hits, 0 errors, 0 left on base; St. Louis 4 - Cincinnati 1
TOP OF THE 9TH
St. Louis Cardinals batting - Pitching for Cincinnati Reds : LHP Cody Reed
Batting: RHB Harrison Bader 0-0: Called Strike
0-1: Ball
1-1: Ball
2-1: Swinging Strike
2-2: Strikes out looking
Pinch Hitting: RHB Rangel Ravelo 0-0: Called Strike
0-1: Ball
1-1: Fly out, F8 (Flyball, 78M, EV 86.3 MPH)
Batting: LHB Kolten Wong 0-0: Swinging Strike
0-1: Called Strike
0-2: Ball
1-2: Ball
2-2: Ball
3-2: Foul Ball, location: 2F
3-2: Fly out, F9 (Line Drive, 9D, EV 105.0 MPH)
Top of the 9th over - 0 runs, 0 hits, 0 errors, 0 left on base; St. Louis 4 - Cincinnati 1
BOTTOM OF THE 9TH
Cincinnati Reds batting - Pitching for St. Louis Cardinals : RHP Ryan Helsley
Pitching: RHP Alex Reyes
Now in LF: Rangel Ravelo
Batting: RHB Phillip Ervin 0-0: Ball
1-0: Called Strike
1-1: Ball
2-1: Called Strike
2-2: Foul Ball, location: 2F
2-2: Foul Ball, location: 2F
2-2: Ball
3-2: Strikes out swinging
Batting: LHB Mike Moustakas 0-0: Ball
1-0: Ball
2-0: Ball
3-0: Base on Balls
Batting: RHB Nick Senzel 0-0: Called Strike
0-1: Swinging Strike
0-2: Strikes out swinging
Pitching: LHP Tyler Webb
Batting: RHB Curt Casali 0-0: Ball
1-0: Foul Ball, location: 2F
1-1: SINGLE (Groundball, 6MD, EV 96.3 MPH)
Mike Moustakas to second
Batting: LHB Shogo Akiyama 0-0: Ball
1-0: Ball
2-0: SINGLE (Groundball, 56D, EV 101.3 MPH)
Mike Moustakas to third
Curt Casali to second
Pinch Hitting: RHB Aristides Aquino 0-0: Ball
1-0: Fly out, F6 (Popup, 6, EV 73.8 MPH)
Bottom of the 9th over - 0 runs, 2 hits, 0 errors, 3 left on base; St. Louis 4 - Cincinnati 1
Tuesday, June 16th, 2020 - OOTP Baseball 21.3 Build 45